 Dungeon Crawl Stone Soup version 0.20.1-1-g8b1a95d66d (webtiles) character file.

252 Koyanaruu the Covered (level 6, 48/48 HPs)
             Began as a Human Fighter on Dec 30, 2017.
             Quit the game on level 4 of the Dungeon on Dec 31, 2017.
             The game lasted 00:54:45 (4329 turns).

Koyanaruu the Covered (Human Fighter)               Turns: 4329, Time: 00:54:46

Health: 48/48      AC:  8    Str: 18    XL:     6   Next: 36%
Magic:  15/15      EV:  8    Int:  9    God:
Gold:   171        SH:  9    Dex: 12    Spells: 5/5 levels left

rFire    . . .     SeeInvis .   a - +1 flail
rCold    . . .     Gourm    .   c - +0 shield
rNeg     . . .     Faith    .   b - +1 scale mail
rPois    +         Spirit   .   (no helmet)
rElec    .         Reflect  .   (no cloak)
rCorr    .         Harm     .   (no gloves)
MR       .....                  (no boots)
Stlth    ..........             t - amulet of rage
Regen    0.2/turn               y - ring of magical power
MPRegen  0.2/turn               h - ring of poison resistance

@: no status effects
A: no striking features
a: Evoke Berserk Rage


You were on level 4 of the Dungeon.
You were not hungry.

You visited 1 branch of the dungeon, and saw 4 of its levels.

You collected 171 gold pieces.

Inventory:

Hand Weapons
 a - a +1 flail (weapon)
 d - a +0 club
 e - a +0 mace
 j - a +0 spear
 m - a +0 club
 p - a +0 flail
 s - a +2 vampiric hand axe
 w - a +0 short sword of holy wrath
 x - a +0 rapier
Missiles
 g - 89 bolts
 k - 18 poisoned needles
 q - 55 stones (quivered)
Armour
 b - a +1 scale mail (worn)
 c - a +0 shield (worn)
 i - a +0 cloak
 n - a +0 scale mail
 u - a +0 leather armour
Jewellery
 h - a ring of poison resistance (right hand)
 t - an amulet of rage (around neck)
 y - a ring of magical power (left hand)
Wands
 r - a wand of scattershot (4/9)
Scrolls
 v - a scroll of remove curse
Comestibles
 f - a bread ration
 l - a meat ration
 o - 3 chunks of flesh


   Skills:
 + Level 3.7 Fighting
 + Level 3.9 Maces & Flails
 + Level 4.0 Armour
 + Level 1.4 Dodging
 + Level 0.4 Stealth
 + Level 4.0 Shields


You had 5 spell levels left.
You didn't know any spells.

Dungeon Overview and Level Annotations

Branches:
Dungeon (4/15)
 Temple: D:4-7

Altars:
Elyvilon
Yredelemnul


Message History

Found 22 sling bullets.
Found 22 stones.
q - 55 stones (gained 22) Unknown command.
You can't go down here!
Welcome back, Koyanaruu the Human Fighter.
Press ? for a list of commands and other information.
Welcome back, Koyanaruu the Human Fighter.
Press ? for a list of commands and other information.
Unknown command.
Unknown command.
Unknown command.
Unknown command.
Welcome back, Koyanaruu the Human Fighter.
Press ? for a list of commands and other information.
Welcome back, Koyanaruu the Human Fighter.
Press ? for a list of commands and other information.
Unknown command.
Unknown command.
Are you sure you want to abandon this character and quit the game? (Confirm with "yes".)

#.......+.......<.+
##....###.........#
##.#.# ##.......##
###.# ##.....##
####.# ##...##
#....# ##+## #.####
#.# #@# #.# #.# #.#
#.. ###


There were no monsters in sight!

Vanquished Creatures
  2 orc priests (D:3)
  7 gnolls (D:3)
  6 adders
  A worm (D:2)
  3 dart slugs
  3 leopard geckos
  3 orcs (D:3)
  5 ball pythons
  11 bats
  2 giant cockroaches
  2 goblins
  4 hobgoblins
  2 quokkas (D:3)
  3 frilled lizards
  6 kobolds
  6 rats
  A plant (D:1)
67 creatures vanquished.

Notes
Turn   | Place    | Note
-------+----------+-------------------------------------------
     0 | D:1      | Koyanaruu the Human Fighter began the quest for the Orb.
     0 | D:1      | Reached XP level 1. HP: 18/18 MP: 1/1
    88 | D:1      | Reached XP level 2. HP: 20/24 MP: 2/2
   975 | D:1      | Reached XP level 3. HP: 9/29 MP: 3/3
  1339 | D:1      | as
  1340 | D:1      | note
  1407 | D:1      | 102
  1407 | D:1      | ::::
  1618 | D:2      | Reached XP level 4. HP: 21/35 MP: 4/4
  1740 | D:2      | Found a white marble altar of Elyvilon.
  1928 | D:2      | Reached skill level 1 in Dodging
  2453 | D:3      | Reached XP level 5. HP: 21/41 MP: 5/5
  2885 | D:3      | Reached XP level 6. HP: 47/47 MP: 6/6
  4058 | D:2      | Found a basalt altar of Yredelemnul.
  4329 | D:4      | Quit the game

Skill      XL: |  1  2  3  4  5  6 |
---------------+-------------------+-----
Dodging        | 1 |  1.4
Maces & Flails | 3 |  3.9
Shields        | 4 |  4.0
Armour         | 4 |  4.0
Fighting       | |  3.7
Stealth        | |  0.4

Action                   |  1- 3 |  4- 6 || total
-------------------------+-------+-------++-------
Melee: Flail             |   127 |   136 ||   263
       Short sword       |       |     9 ||     9
  Use: Scroll            |     5 |     3 ||     8
       Potion            |     1 |     6 ||     7
  Eat: Meat ration       |     1 |     1 ||     2
       Royal jelly       |       |     1 ||     1
Armor: Scale mail        |    82 |    82 ||   164
Dodge: Dodged            |    44 |    59 ||   103
Block: Shield            |    83 |    80 ||   163
